 Dungeon Crawl Stone Soup version 0.15.1 (webtiles) character file.

83 FenixFunk the Slasher (level 4, -7/35 HPs)
             Began as a Human Fighter on Sept 17, 2014.
             Was an Initiate of Trog.
             Mangled by an ogre
             ... wielding a +0 giant club
              (17 damage)
             ... on Level 4 of the Dungeon.
             The game lasted 00:09:31 (2244 turns).

FenixFunk the Slasher (Human Fighter)               Turns: 2244, Time: 00:09:31

HP  -7/35        AC  6     Str 17      XL: 4   Next: 71%
MP   4/4         EV 10     Int  8      God: Trog [......]
Gold 202         SH  9     Dex 13      Spells:  0 memorised,  3 levels left

rFire  . . .     SeeInvis .     a - +1 long sword
rCold  . . .     Clarity  .     b - +0 scale mail
rNeg   . . .     rCorr    .     c - +0 shield
rPois  .         rRot     .     (no helmet)
rElec  .         Spirit   .     (no cloak)
SustAb .         Warding  .     (no gloves)
rMut   .         Stasis   .     (no boots)
Gourm  .                        (no amulet)
MR     .....                    (no ring)
                                h - +4 ring of evasion

@: not resistant to hostile enchantments, extremely unstealthy
A: no striking features
a: Burn Spellbooks, Renounce Religion


You were on level 4 of the Dungeon.
You worshipped Trog.
Trog was noncommittal.
You were not hungry.

You visited 1 branch of the dungeon, and saw 4 of its levels.

You collected 202 gold pieces.

Inventory:

Hand weapons
 a - a +1 long sword (weapon)
Armour
 b - a +0 scale mail (worn)
 c - a +0 shield (worn)
Comestibles
 d - 4 bread rations
 r - 3 fruits
Scrolls
 f - a scroll of remove curse
 i - a scroll of random uselessness {unknown}
 l - a scroll of fog {unknown}
 m - a scroll of recharging {unknown}
 n - 3 scrolls of identify
 o - 2 scrolls of teleportation
 q - a scroll of fear {unknown}
Jewellery
 h - a +4 ring of evasion (left hand)
 p - an uncursed ring of protection from fire {unknown}
Potions
 e - a potion of might
 g - a potion of haste {unknown}
 j - a potion of confusion {unknown}
 k - 2 potions of flight {unknown}


   Skills:
 - Level 3.0 Fighting
 + Level 4.5 Long Blades
 - Level 3.0 Armour
 - Level 3.0 Shields


You had 3 spell levels left.
You didn't know any spells.

Dungeon Overview and Level Annotations

Branches:
Dungeon (4/15)
 Temple: D:4-7

Altars:
Trog
Vehumet


Message History

An ogre comes into view. It is wielding a giant club.
The ogre shouts!
The ogre moves out of view.
Found 16 gold pieces.
The ogre is too close now for your liking.
An ogre is nearby!
Your shield prevents you from hitting the ogre.
You block the ogre's attack.
You barely miss the ogre. You block the ogre's attack.
You slash the ogre!
The ogre is moderately wounded.
The ogre hits you with a giant club!!
Ouch! That really hurt!
* * * LOW HITPOINT WARNING * * *
A bat comes into view.
The bat hits you but does no damage. You block the bat's attack.
The bat closely misses you. You block the bat's attack.
The ogre hits you with a giant club!
You die...

......#...###.#####..........
#...)......... #.........
....#..........####.########
#.###......... ...#.# #.#
#......... #.#.# #.#
#......... #...# #.#
#......... ##..### ..#
#..........##O....### .##
#...........@b......# .
....................# #
...........##.....###
.####.###.# ####### # ... ...
.


You could see an ogre and a bat.

Vanquished Creatures
  An adder (D:2)
  A giant mite (D:4)
  A worm (D:2)
  A giant gecko (D:2)
  An ooze (D:3)
  7 orcs
  2 giant cockroaches
  8 goblins
  3 hobgoblins
  6 jackals (D:3)
  6 kobolds
  6 bats
  4 giant newts
  6 rats
53 creatures vanquished.

Notes
Turn   | Place    | Note
--------------------------------------------------------------
     0 | D:1      | FenixFunk, the Human Fighter, began the quest for the Orb.
     0 | D:1      | Reached XP level 1. HP: 18/18 MP: 1/1
   346 | D:1      | Reached XP level 2. HP: 24/24 MP: 2/2
   482 | D:2      | Reached XP level 3. HP: 26/29 MP: 3/3
  1531 | D:3      | Reached skill level 4 in Long Blades
  1531 | D:3      | Reached XP level 4. HP: 28/35 MP: 4/4
  2021 | D:3      | Found a bloodstained altar of Trog.
  2071 | D:3      | Became a worshipper of Trog the Wrathful
  2184 | D:4      | Found a radiant altar of Vehumet.
  2228 | D:4      | Noticed an ogre
  2244 | D:4      | Mangled by an ogre

Action                   |  1- 3 |  4- 6 || total
-------------------------+-------+-------++-------
Melee: Long sword        |   111 |    46 ||   157
  Use: Scroll            |     6 |       ||     6
       Potion            |     1 |       ||     1
  Eat: Chunk             |     2 |     2 ||     4
